Pick #1

Connor Bedard
Pick #2

Leo Carlsson
Pick #3

Adam Fantilli
Pick #4

Matvei Michkov
Pick #5

David Reinbacher
Pick #6

William Smith
Pick #7

Zachary Benson
Pick #8

Ryan Leonard
Pick #9

Gabriel Perreault
Pick #10

Axel Sandin-Pellika
Pick #11

Daniil But
Pick #12

Dalibor Dvorsky
Pick #13

Quentin Musty
Pick #14

Brayden Yager
Pick #15

Dmitry Simashev
Pick #16

Colby Barlow
Pick #17

Andrew Cristall
Pick #18

Easton Cowan
Pick #19

Jacob Fowler
Pick #20

Oliver Moore
Pick #21

Oliver Bonk
Pick #22

Tom Willander
Pick #23

Calum Ritchie
Pick #24

Tanner Molendyk
Pick #25

Gavin Brindley
Pick #26

Nate Danielson
Pick #27

Pick #28

Pick #29

Pick #30

Pick #31

Pick #32

Pick #33

Pick #34

Pick #35

Pick #36

Pick #37

Pick #38

Pick #39

Pick #40

Pick #41

Pick #42

Pick #43

Pick #44

Pick #45

Pick #46

Pick #47

Pick #48

Pick #49

Pick #50

Pick #51

Pick #52

Pick #53

Pick #54

Pick #55

Pick #56

Pick #57

Pick #58

Pick #59

Pick #60

Pick #61

Pick #62

Pick #63

Pick #64

Pick #65

Pick #66

Pick #67

Pick #68

Pick #69

Pick #70

Pick #71

Pick #72

Pick #73

Pick #74

Pick #75

Pick #76

Pick #77

Pick #78

Pick #79

Pick #80

Pick #81

Pick #82

Pick #83

Pick #84

Pick #85

Pick #86

Pick #87

Pick #88

Pick #89

Pick #90

Pick #91

Pick #92

Pick #93

Pick #94

Pick #95

Pick #96

Pick #97

Pick #98

Pick #99

Pick #100

Pick #101

Pick #102

Pick #103

Pick #104

Pick #105

Pick #106

Pick #107

Pick #108

Pick #109

Pick #110

Pick #111

Pick #112

Pick #113

Pick #114

Pick #115

Pick #116

Pick #117

Pick #118

Pick #119

Pick #120

Pick #121

Pick #122

Pick #123

Pick #124

Pick #125

Pick #126

Pick #127

Pick #128

Pick #129

Pick #130

Full Scoreboard »»

MapleLeafs vs Kings

Created - January 13, 2024 at 23:47

Goals
1 2 3 OT1 T
MapleLeafs 2 1 0 0 3
Kings 0 2 1 1 4
Shots
1 2 3 OT1 T
MapleLeafs 10 11 6 0 27
Kings 8 11 13 3 35

GoalsPenalties
1st period
1. MapleLeafs , Rasmus Sandin 2 (Drake Batherson 21, Jon Marchessault 17) at 5:04 (PP)
2. MapleLeafs , Noel Acciari 4 (Alexander Romanov 10) at 15:27
Mattias Ekholm (LOS) for Close Hand On Puck (Minor) at 4:42
Jonatan Berggren (TOR) for Delaying the game (Minor) at 9:11
Vladimir Tarasenko (LOS) for Roughing (Minor) at 12:53
Tyler Motte (LOS) for High sticking (Minor) at 19:30
2nd period
3. Kings , Cole Sillinger 2 (David Savard 11, Joel Edmundson 7) at 3:26
4. MapleLeafs , Rasmus Sandin 3 (John Marino 8, Drake Batherson 22) at 11:56
5. Kings , Mattias Ekholm 5 (Ilya Mikheyev 8, Jonas Brodin 16) at 16:28 (PP)
Mattias Ekholm (LOS) for Holding (Minor) at 5:34
Alexander Romanov (TOR) for Hooking (Minor) at 16:10
Drake Batherson (TOR) for Tripping (Minor) at 17:39
3rd period
6. Kings , Conor Sheary 5 (Brandon Saad 13, Rasmus Ristolainen 8) at 16:09
Alexander Wennberg (TOR) for Slashing (Minor) at 18:30
Overtime #1
7. Kings , Evander Kane 9 (Vladimir Tarasenko 17, Jonas Brodin 17) at 1:52
No Penalty
Goalie Stats
Tristan Jarry (TOR), 31 saves from 35 shots - (0.886), OTL, 6-13-3, 61:53 minutes
Igor Shesterkin (LOS), 24 saves from 27 shots - (0.889), W, 15-11-4, 61:53 minutes
3 StarsOfficial
1 - Rasmus Sandin (TOR)
2 - Jonas Brodin (LOS)
3 - Evander Kane (LOS)
Referees : Ghislain Hebert and Stephen Hiff
Linesman : Shandor Alphonso and Neil Campbell
Game Note
Timothy Liljegren is injured at 18:46 of 1st period (Left Foot)
Finance
Level 1 -- Attendance: 5871 (90.32%) -- Ticket Income $557,745
Level 2 -- Attendance: 5000 (100.00%) -- Ticket Income $375,000
Level 3 -- Attendance: 3119 (89.11%) -- Ticket Income $171,545
Level 4 -- Attendance: 2118 (100.00%) -- Ticket Income $84,720
Luxury Box -- Attendance: 932 (93.20%) -- Ticket Income $209,700
Game was played at the Staples Center.
Total Attendance: 17040 (94.05%)
Total Ticket Income: $1,398,710
Other Income: $349,678
Total Income: $1,748,388



Team Name Goals Shots Shots Attemp Shots Blocked PIM HIT PP PK FO%
MapleLeafs 32770118151 / 4 (25%)153%
Kings 43565138201 / 4 (25%)147%

MapleLeafs
Player Name POS G A P +/- PIM HIT SHT SB MP PP MP PP SHT PK MP PK SHT FO% FOT
Alexander RomanovD0111210213:450:0000:0000% 0
Alexander WennbergC000-2213018:212:3710:00048% 23
Anthony DuclairLW000-3005020:482:3721:5000% 2
Drake BathersonRW0220212022:583:4201:08033% 3
Elmer SoderblomLW000000001:530:0000:0000% 0
Erik CernakD000-1011221:093:0712:2400% 0
Filip ChytilC000000001:540:0000:1500% 0
John MarinoD011-1001126:203:1203:5100% 0
Jon MarchessaultLW/RW0111013025:483:4203:5500% 2
Jonatan BerggrenRW000-2220018:212:3700:0000% 1
Jonathan HuberdeauC0001005127:133:4204:25060% 40
Mikael GranlundC0001002013:210:0000:27063% 16
Nicolas HagueD000-1000121:003:0702:2400% 0
Noah CatesLW0001000112:540:0000:0000% 0
Noel AcciariC1011032113:570:0000:000100% 1
Rasmus SandinD2020043226:223:1223:5100% 0
Trent FredericC000000000:000:0000:0000% 0
Zach WhitecloudD0001010013:460:0000:0000% 0
Kings
Player Name POS G A P +/- PIM HIT SHT SB MP PP MP PP SHT PK MP PK SHT FO% FOT
Brandon SaadLW0111002010:520:0000:19050% 2
Cole SillingerC101-1022018:293:4000:00046% 26
Conor ShearyLW1011003012:160:0001:4300% 0
David SavardD0110011026:452:5503:1600% 0
Derek RyanC000000006:360:0001:43067% 9
Evander KaneLW1011024020:442:0500:00033% 3
Ilya MikheyevRW011-1013018:293:4000:000100% 1
Jeff CarterC0000002020:412:0500:00042% 26
Joel EdmundsonD0111011221:442:5503:4600% 0
Jonas BrodinD0221012526:512:5023:2900% 0
Kirill MarchenkoRW0000014022:422:0511:40050% 2
Matt GrzelcykD000000005:490:0000:1400% 0
Mattias EkholmD1010441226:062:5011:5300% 0
Nic DowdC0001043115:090:0004:36041% 17
Rasmus RistolainenD0110002216:130:0000:0000% 0
Timothy LiljegrenD000-100013:460:0000:0000% 0
Tyler MotteC000021007:290:0002:3700% 0
Vladimir TarasenkoRW0110225019:053:4010:00050% 2



Play-by-Play

1st period


0:01 of 1st period - Jonathan Huberdeau wins face-off versus Jeff Carter in neutral zone.
0:03 of 1st period - Off-side.
0:04 of 1st period - Cole Sillinger wins face-off versus Alexander Wennberg in neutral zone.
0:07 of 1st period - Shot by Vladimir Tarasenko.
0:07 of 1st period - Shot Misses the Net.
0:22 of 1st period - Icing by David Savard.
0:23 of 1st period - Jonathan Huberdeau wins face-off versus Vladimir Tarasenko in Kings zone.
0:36 of 1st period - Shot by Ilya Mikheyev.
0:36 of 1st period - Stopped by Tristan Jarry without a rebound.
0:37 of 1st period - Jeff Carter wins face-off versus Mikael Granlund in MapleLeafs zone.
0:41 of 1st period - Icing by Alexander Romanov.
0:42 of 1st period - Mikael Granlund wins face-off versus Nic Dowd in MapleLeafs zone.
1:36 of 1st period - Icing by Brandon Saad.
1:37 of 1st period - Jonathan Huberdeau wins face-off versus Nic Dowd in Kings zone.
1:38 of 1st period - Shot by Drake Batherson.
1:38 of 1st period - Deflect By Jon Marchessault.
1:38 of 1st period - Stopped by Igor Shesterkin without a rebound.
1:39 of 1st period - Jonathan Huberdeau wins face-off versus Jeff Carter in Kings zone.
1:54 of 1st period - Shot by Jonathan Huberdeau.
1:54 of 1st period - Stopped by Igor Shesterkin without a rebound.
1:55 of 1st period - Derek Ryan wins face-off versus Alexander Wennberg in Kings zone.
2:05 of 1st period - Tyler Motte is hit by Alexander Wennberg and loses puck.
2:19 of 1st period - Alexander Wennberg is hit by Tyler Motte and loses puck.
3:02 of 1st period - Shot by Evander Kane.
3:02 of 1st period - Deflect By Kirill Marchenko.
3:02 of 1st period - Stopped by Tristan Jarry without a rebound.
3:03 of 1st period - Mikael Granlund wins face-off versus Jeff Carter in MapleLeafs zone.
3:37 of 1st period - Icing by Noah Cates.
3:38 of 1st period - Cole Sillinger wins face-off versus Mikael Granlund in MapleLeafs zone.
3:38 of 1st period - Cole Sillinger is hit by Alexander Romanov.
4:17 of 1st period - Shot by Jonathan Huberdeau.
4:17 of 1st period - Shot Misses the Net.
4:28 of 1st period - Icing by Ilya Mikheyev.
4:29 of 1st period - Alexander Wennberg wins face-off versus Cole Sillinger in Kings zone.
4:38 of 1st period - Shot by Jonatan Berggren.
4:38 of 1st period - Shot Misses the Net.
4:40 of 1st period - Shot by Alexander Wennberg.
4:40 of 1st period - Stopped by Igor Shesterkin without a rebound.
4:41 of 1st period - Jonathan Huberdeau wins face-off versus Evander Kane in Kings zone.
4:42 of 1st period - Shot by Jon Marchessault.
4:42 of 1st period - Deflect By Jonathan Huberdeau.
4:42 of 1st period - Stopped by Igor Shesterkin without a rebound.
4:42 of 1st period - Minor Penalty to Mattias Ekholm for Close Hand On Puck.
4:43 of 1st period - Nic Dowd wins face-off versus Jonathan Huberdeau in Kings zone.
5:04 of 1st period - Shot by Rasmus Sandin.
5:04 of 1st period - Goal by Rasmus Sandin - MapleLeafs : 1 - Kings : 0.
5:05 of 1st period - Alexander Wennberg wins face-off versus Jeff Carter in neutral zone.
5:14 of 1st period - Shot by Alexander Wennberg.
5:14 of 1st period - Shot Blocked by Mattias Ekholm.
5:16 of 1st period - Shot by Alexander Wennberg.
5:16 of 1st period - Shot Blocked by Jonas Brodin.
5:36 of 1st period - Shot by Anthony Duclair.
5:36 of 1st period - Stopped by Igor Shesterkin without a rebound.
5:37 of 1st period - Nic Dowd wins face-off versus Jonathan Huberdeau in Kings zone.
5:54 of 1st period - Shot by Brandon Saad.
5:54 of 1st period - Deflect By Nic Dowd.
5:54 of 1st period - Shot Blocked by Jonathan Huberdeau.
6:03 of 1st period - Conor Sheary is hit by Rasmus Sandin and loses puck.
6:08 of 1st period - Shot by Conor Sheary.
6:08 of 1st period - Stopped by Tristan Jarry without a rebound.
6:09 of 1st period - Jeff Carter wins face-off versus Alexander Wennberg in MapleLeafs zone.
6:34 of 1st period - Shot by Evander Kane.
6:34 of 1st period - Shot Blocked by Erik Cernak.
6:39 of 1st period - Off-side.
6:40 of 1st period - Cole Sillinger wins face-off versus Jonathan Huberdeau in neutral zone.
6:43 of 1st period - John Marino is hit by Cole Sillinger.
7:53 of 1st period - Alexander Wennberg is hit by Jonas Brodin and loses puck.
7:57 of 1st period - Icing by Mattias Ekholm.
7:58 of 1st period - Mikael Granlund wins face-off versus Jeff Carter in Kings zone.
9:11 of 1st period - Minor Penalty to Jonatan Berggren for Delaying the game.
9:12 of 1st period - Cole Sillinger wins face-off versus Jonathan Huberdeau in MapleLeafs zone.
9:40 of 1st period - Icing by David Savard.
9:41 of 1st period - Vladimir Tarasenko wins face-off versus Jonathan Huberdeau in Kings zone.
9:50 of 1st period - Shot by Vladimir Tarasenko.
9:50 of 1st period - Stopped by Tristan Jarry without a rebound.
9:51 of 1st period - Jonathan Huberdeau wins face-off versus Cole Sillinger in MapleLeafs zone.
10:17 of 1st period - Ilya Mikheyev is hit by Erik Cernak and loses puck.
10:42 of 1st period - Shot by Kirill Marchenko.
10:42 of 1st period - Stopped by Tristan Jarry without a rebound.
10:43 of 1st period - Drake Batherson wins face-off versus Jeff Carter in MapleLeafs zone.
11:30 of 1st period - Shot by Nic Dowd.
11:30 of 1st period - Stopped by Tristan Jarry with a rebound.
11:44 of 1st period - Shot by Brandon Saad.
11:44 of 1st period - Stopped by Tristan Jarry without a rebound.
11:45 of 1st period - Derek Ryan wins face-off versus Alexander Wennberg in MapleLeafs zone.
12:04 of 1st period - Shot by Anthony Duclair.
12:04 of 1st period - Shot Misses the Net.
12:13 of 1st period - Tyler Motte is hit by Rasmus Sandin and loses puck.
12:22 of 1st period - Derek Ryan is hit by Jonatan Berggren and loses puck.
12:38 of 1st period - Off-side.
12:39 of 1st period - Jeff Carter wins face-off versus Jonathan Huberdeau in neutral zone.
12:39 of 1st period - Evander Kane is hit by Drake Batherson and loses puck.
12:50 of 1st period - Shot by Evander Kane.
12:50 of 1st period - Deflect By Jeff Carter.
12:50 of 1st period - Stopped by Tristan Jarry without a rebound.
12:51 of 1st period - Noel Acciari wins face-off versus Cole Sillinger in MapleLeafs zone.
12:53 of 1st period - Minor Penalty to Vladimir Tarasenko for Roughing.
12:54 of 1st period - Jonathan Huberdeau wins face-off versus Nic Dowd in Kings zone.
13:19 of 1st period - Shot by Drake Batherson.
13:19 of 1st period - Shot Blocked by Nic Dowd.
13:21 of 1st period - Shot by Drake Batherson.
13:21 of 1st period - Shot Misses the Net.
13:31 of 1st period - Shot by Jonathan Huberdeau.
13:31 of 1st period - Shot Hit the Post.
13:33 of 1st period - Shot by Nicolas Hague.
13:33 of 1st period - Shot Misses the Net.
13:35 of 1st period - Shot by Jonathan Huberdeau.
13:35 of 1st period - Shot Blocked by Jonas Brodin.
13:56 of 1st period - Shot by Alexander Wennberg.
13:56 of 1st period - Stopped by Igor Shesterkin without a rebound.
13:57 of 1st period - Alexander Wennberg wins face-off versus Derek Ryan in Kings zone.
14:28 of 1st period - Alexander Wennberg is hit by Nic Dowd and loses puck.
14:58 of 1st period - Shot by Mikael Granlund.
14:58 of 1st period - Stopped by Igor Shesterkin without a rebound.
14:59 of 1st period - Cole Sillinger wins face-off versus Mikael Granlund in Kings zone.
14:59 of 1st period - Cole Sillinger is hit by Noel Acciari.
15:15 of 1st period - Shot by Noah Cates.
15:15 of 1st period - Shot Misses the Net.
15:27 of 1st period - Shot by Noel Acciari.
15:27 of 1st period - Goal by Noel Acciari - MapleLeafs : 2 - Kings : 0.
15:28 of 1st period - Jonathan Huberdeau wins face-off versus Jeff Carter in neutral zone.
15:52 of 1st period - Shot by Jonathan Huberdeau.
15:52 of 1st period - Shot Blocked by Joel Edmundson.
16:02 of 1st period - Shot by Jonathan Huberdeau.
16:02 of 1st period - Stopped by Igor Shesterkin without a rebound.
16:03 of 1st period - Cole Sillinger wins face-off versus Alexander Wennberg in Kings zone.
18:46 of 1st period - Shot by Rasmus Sandin.
18:46 of 1st period - Shot Blocked by Timothy Liljegren.
18:46 of 1st period - Timothy Liljegren from Kings is injured at 18:46 of 1st period (Left Foot).
18:47 of 1st period - Alexander Wennberg wins face-off versus Derek Ryan in Kings zone.
18:49 of 1st period - Anthony Duclair is hit by Mattias Ekholm and loses puck.
18:56 of 1st period - Shot by Anthony Duclair.
18:56 of 1st period - Shot Blocked by Jonas Brodin.
19:30 of 1st period - Minor Penalty to Tyler Motte for High sticking.
19:31 of 1st period - Jonathan Huberdeau wins face-off versus Kirill Marchenko in Kings zone.
19:48 of 1st period - Shot by Jon Marchessault.
19:48 of 1st period - Shot Misses the Net.
Goals for this period are 2 for MapleLeafs vs 0 for Kings.
Shots for this period are 10 for MapleLeafs vs 8 for Kings.

2nd period


0:01 of 2nd period - Nic Dowd wins face-off versus Jonathan Huberdeau in neutral zone.
0:04 of 2nd period - Rasmus Sandin is hit by Nic Dowd and loses puck.
0:19 of 2nd period - Shot by Drake Batherson.
0:19 of 2nd period - Shot Misses the Net.
0:31 of 2nd period - Shot by John Marino.
0:31 of 2nd period - Shot Misses the Net.
0:33 of 2nd period - Shot by Rasmus Sandin.
0:33 of 2nd period - Stopped by Igor Shesterkin without a rebound.
0:34 of 2nd period - Nic Dowd wins face-off versus Alexander Wennberg in Kings zone.
1:48 of 2nd period - Shot by Ilya Mikheyev.
1:48 of 2nd period - Stopped by Tristan Jarry without a rebound.
1:49 of 2nd period - Jeff Carter wins face-off versus Drake Batherson in MapleLeafs zone.
1:56 of 2nd period - Shot by Jonathan Huberdeau.
1:56 of 2nd period - Stopped by Igor Shesterkin without a rebound.
1:57 of 2nd period - Jonathan Huberdeau wins face-off versus Jeff Carter in Kings zone.
2:16 of 2nd period - Shot by Jon Marchessault.
2:16 of 2nd period - Shot Blocked by Mattias Ekholm.
2:49 of 2nd period - Drake Batherson is hit by Evander Kane and loses puck.
3:26 of 2nd period - Shot by Cole Sillinger.
3:26 of 2nd period - Goal by Cole Sillinger - MapleLeafs : 2 - Kings : 1.
3:27 of 2nd period - Mikael Granlund wins face-off versus Brandon Saad in neutral zone.
3:29 of 2nd period - Noah Cates is hit by Nic Dowd and loses puck.
3:36 of 2nd period - Icing by Noel Acciari.
3:37 of 2nd period - Nic Dowd wins face-off versus Mikael Granlund in MapleLeafs zone.
3:40 of 2nd period - Shot by Conor Sheary.
3:40 of 2nd period - Stopped by Tristan Jarry without a rebound.
3:41 of 2nd period - Alexander Wennberg wins face-off versus Cole Sillinger in MapleLeafs zone.
3:46 of 2nd period - Shot by Jonatan Berggren.
3:46 of 2nd period - Deflect By Anthony Duclair.
3:46 of 2nd period - Shot Blocked by Rasmus Ristolainen.
3:48 of 2nd period - Shot by Nicolas Hague.
3:48 of 2nd period - Shot Misses the Net.
3:50 of 2nd period - Shot by Alexander Wennberg.
3:50 of 2nd period - Shot Misses the Net.
3:52 of 2nd period - Shot by Alexander Wennberg.
3:52 of 2nd period - Shot Misses the Net.
3:54 of 2nd period - Shot by Alexander Wennberg.
3:54 of 2nd period - Shot Misses the Net.
3:56 of 2nd period - Shot by Anthony Duclair.
3:56 of 2nd period - Stopped by Igor Shesterkin without a rebound.
3:57 of 2nd period - Mikael Granlund wins face-off versus Jeff Carter in Kings zone.
4:05 of 2nd period - Alexander Romanov is hit by Mattias Ekholm and loses puck.
4:11 of 2nd period - Shot by Noel Acciari.
4:11 of 2nd period - Stopped by Igor Shesterkin without a rebound.
4:12 of 2nd period - Jonathan Huberdeau wins face-off versus Nic Dowd in Kings zone.
4:13 of 2nd period - Shot by Jon Marchessault.
4:13 of 2nd period - Stopped by Igor Shesterkin with a rebound.
4:16 of 2nd period - Icing by Nic Dowd.
4:17 of 2nd period - Jonathan Huberdeau wins face-off versus Nic Dowd in Kings zone.
4:21 of 2nd period - Icing by David Savard.
4:22 of 2nd period - Nic Dowd wins face-off versus Drake Batherson in Kings zone.
4:27 of 2nd period - Shot by Conor Sheary.
4:27 of 2nd period - Shot Misses the Net.
4:51 of 2nd period - Shot by Rasmus Ristolainen.
4:51 of 2nd period - Stopped by Tristan Jarry with a rebound.
4:57 of 2nd period - Shot by Conor Sheary.
4:57 of 2nd period - Shot Blocked by Rasmus Sandin.
4:59 of 2nd period - Shot by Nic Dowd.
4:59 of 2nd period - Stopped by Tristan Jarry without a rebound.
5:00 of 2nd period - Alexander Wennberg wins face-off versus Jeff Carter in MapleLeafs zone.
5:13 of 2nd period - Shot by Alexander Wennberg.
5:13 of 2nd period - Stopped by Igor Shesterkin without a rebound.
5:14 of 2nd period - Cole Sillinger wins face-off versus Mikael Granlund in Kings zone.
5:14 of 2nd period - Cole Sillinger is hit by Noel Acciari.
5:34 of 2nd period - Minor Penalty to Mattias Ekholm for Holding.
5:35 of 2nd period - Jonathan Huberdeau wins face-off versus Nic Dowd in Kings zone.
5:35 of 2nd period - John Marino is hit by David Savard and loses puck.
6:43 of 2nd period - Jonas Brodin is hit by Jonatan Berggren and loses puck.
7:10 of 2nd period - Shot by Anthony Duclair.
7:10 of 2nd period - Stopped by Igor Shesterkin without a rebound.
7:11 of 2nd period - Alexander Wennberg wins face-off versus Derek Ryan in Kings zone.
7:12 of 2nd period - Shot by Erik Cernak.
7:12 of 2nd period - Stopped by Igor Shesterkin without a rebound.
7:13 of 2nd period - Derek Ryan wins face-off versus Anthony Duclair in Kings zone.
7:26 of 2nd period - Shot by Anthony Duclair.
7:26 of 2nd period - Stopped by Igor Shesterkin without a rebound.
7:27 of 2nd period - Derek Ryan wins face-off versus Jonathan Huberdeau in Kings zone.
7:27 of 2nd period - Jonas Brodin is hit by Jon Marchessault and loses puck.
7:38 of 2nd period - Icing by Zach Whitecloud.
7:39 of 2nd period - Mikael Granlund wins face-off versus Evander Kane in MapleLeafs zone.
7:39 of 2nd period - Mikael Granlund is hit by Evander Kane.
7:49 of 2nd period - Shot by Jeff Carter.
7:49 of 2nd period - Shot Blocked by Alexander Romanov.
7:51 of 2nd period - Shot by Kirill Marchenko.
7:51 of 2nd period - Shot Misses the Net.
7:54 of 2nd period - Jeff Carter is hit by Zach Whitecloud.
7:58 of 2nd period - Shot by Evander Kane.
7:58 of 2nd period - Stopped by Tristan Jarry without a rebound.
7:59 of 2nd period - Jonathan Huberdeau wins face-off versus Cole Sillinger in MapleLeafs zone.
8:09 of 2nd period - Rasmus Sandin is hit by Cole Sillinger and loses puck.
8:21 of 2nd period - Vladimir Tarasenko is hit by Rasmus Sandin and loses puck.
8:28 of 2nd period - Shot by Vladimir Tarasenko.
8:28 of 2nd period - Stopped by Tristan Jarry without a rebound.
8:29 of 2nd period - Jeff Carter wins face-off versus Alexander Wennberg in MapleLeafs zone.
8:51 of 2nd period - Icing by David Savard.
8:52 of 2nd period - Jeff Carter wins face-off versus Jonathan Huberdeau in Kings zone.
9:04 of 2nd period - Shot by Jonathan Huberdeau.
9:04 of 2nd period - Stopped by Igor Shesterkin without a rebound.
9:05 of 2nd period - Alexander Wennberg wins face-off versus Cole Sillinger in Kings zone.
9:11 of 2nd period - Off-side.
9:12 of 2nd period - Jonathan Huberdeau wins face-off versus Cole Sillinger in neutral zone.
9:28 of 2nd period - Shot by Cole Sillinger.
9:28 of 2nd period - Shot Misses the Net.
9:30 of 2nd period - Shot by Mattias Ekholm.
9:30 of 2nd period - Shot Misses the Net.
9:44 of 2nd period - John Marino is hit by Ilya Mikheyev and loses puck.
11:40 of 2nd period - Off-side.
11:41 of 2nd period - Jonathan Huberdeau wins face-off versus Cole Sillinger in neutral zone.
11:52 of 2nd period - Shot by Drake Batherson.
11:52 of 2nd period - Shot Blocked by Joel Edmundson.
11:54 of 2nd period - Shot by John Marino.
11:54 of 2nd period - Shot Misses the Net.
11:56 of 2nd period - Shot by Rasmus Sandin.
11:56 of 2nd period - Goal by Rasmus Sandin - MapleLeafs : 3 - Kings : 1.
11:57 of 2nd period - Alexander Wennberg wins face-off versus Jeff Carter in neutral zone.
12:00 of 2nd period - Shot by Anthony Duclair.
12:00 of 2nd period - Deflect By Alexander Wennberg.
12:00 of 2nd period - Shot Misses the Net.
12:02 of 2nd period - Shot by Jonatan Berggren.
12:02 of 2nd period - Shot Misses the Net.
12:04 of 2nd period - Shot by Anthony Duclair.
12:04 of 2nd period - Shot Blocked by Rasmus Ristolainen.
13:00 of 2nd period - Shot by Rasmus Sandin.
13:00 of 2nd period - Shot Blocked by Jonas Brodin.
13:20 of 2nd period - Shot by Vladimir Tarasenko.
13:20 of 2nd period - Shot Misses the Net.
13:22 of 2nd period - Shot by Cole Sillinger.
13:22 of 2nd period - Stopped by Tristan Jarry without a rebound.
13:23 of 2nd period - Mikael Granlund wins face-off versus Nic Dowd in MapleLeafs zone.
13:23 of 2nd period - Mikael Granlund is hit by Nic Dowd.
13:38 of 2nd period - Shot by Mikael Granlund.
13:38 of 2nd period - Shot Misses the Net.
13:40 of 2nd period - Shot by Noel Acciari.
13:40 of 2nd period - Shot Misses the Net.
13:52 of 2nd period - Shot by Mikael Granlund.
13:52 of 2nd period - Shot Misses the Net.
13:54 of 2nd period - Shot by Mikael Granlund.
13:54 of 2nd period - Deflect By Noel Acciari.
13:54 of 2nd period - Shot Misses the Net.
14:19 of 2nd period - Icing by Mattias Ekholm.
14:20 of 2nd period - Brandon Saad wins face-off versus Jon Marchessault in Kings zone.
14:42 of 2nd period - Icing by Rasmus Sandin.
14:43 of 2nd period - Cole Sillinger wins face-off versus Jonathan Huberdeau in MapleLeafs zone.
15:02 of 2nd period - Shot by Cole Sillinger.
15:02 of 2nd period - Shot Blocked by John Marino.
15:04 of 2nd period - Shot by Ilya Mikheyev.
15:04 of 2nd period - Shot Misses the Net.
15:06 of 2nd period - Shot by Vladimir Tarasenko.
15:06 of 2nd period - Stopped by Tristan Jarry with a rebound.
15:08 of 2nd period - Shot by Rasmus Ristolainen.
15:08 of 2nd period - Stopped by Tristan Jarry without a rebound.
15:09 of 2nd period - Jeff Carter wins face-off versus Alexander Wennberg in MapleLeafs zone.
15:14 of 2nd period - Shot by Kirill Marchenko.
15:14 of 2nd period - Shot Blocked by Nicolas Hague.
16:10 of 2nd period - Minor Penalty to Alexander Romanov for Hooking.
16:11 of 2nd period - Jonathan Huberdeau wins face-off versus Cole Sillinger in MapleLeafs zone.
16:11 of 2nd period - John Marino is hit by Vladimir Tarasenko and loses puck.
16:28 of 2nd period - Shot by Mattias Ekholm.
16:28 of 2nd period - Goal by Mattias Ekholm - MapleLeafs : 3 - Kings : 2.
16:29 of 2nd period - Mikael Granlund wins face-off versus Nic Dowd in neutral zone.
16:50 of 2nd period - Shot by Noah Cates.
16:50 of 2nd period - Shot Misses the Net.
16:52 of 2nd period - Shot by Mikael Granlund.
16:52 of 2nd period - Deflect By Noel Acciari.
16:52 of 2nd period - Shot Misses the Net.
17:00 of 2nd period - Shot by Noah Cates.
17:00 of 2nd period - Shot Misses the Net.
17:39 of 2nd period - Minor Penalty to Drake Batherson for Tripping.
17:40 of 2nd period - Jonathan Huberdeau wins face-off versus Cole Sillinger in MapleLeafs zone.
18:06 of 2nd period - Shot by Ilya Mikheyev.
18:06 of 2nd period - Shot Misses the Net.
19:59 of 2nd period - Icing by Joel Edmundson.
Goals for this period are 1 for MapleLeafs vs 2 for Kings.
Shots for this period are 11 for MapleLeafs vs 11 for Kings.

3rd period


0:01 of 3rd period - Jonathan Huberdeau wins face-off versus Jeff Carter in neutral zone.
0:06 of 3rd period - Shot by Jon Marchessault.
0:06 of 3rd period - Stopped by Igor Shesterkin without a rebound.
0:07 of 3rd period - Jeff Carter wins face-off versus Jonathan Huberdeau in Kings zone.
0:32 of 3rd period - Shot by Jon Marchessault.
0:32 of 3rd period - Shot Misses the Net.
1:09 of 3rd period - John Marino is hit by Vladimir Tarasenko and loses puck.
1:38 of 3rd period - Shot by Joel Edmundson.
1:38 of 3rd period - Shot Misses the Net.
1:40 of 3rd period - Shot by Vladimir Tarasenko.
1:40 of 3rd period - Shot Misses the Net.
1:42 of 3rd period - Shot by Joel Edmundson.
1:42 of 3rd period - Shot Misses the Net.
1:44 of 3rd period - Shot by David Savard.
1:44 of 3rd period - Stopped by Tristan Jarry without a rebound.
1:45 of 3rd period - Alexander Wennberg wins face-off versus Nic Dowd in MapleLeafs zone.
1:58 of 3rd period - Shot by Brandon Saad.
1:58 of 3rd period - Shot Misses the Net.
2:53 of 3rd period - Mikael Granlund is hit by Mattias Ekholm and loses puck.
2:58 of 3rd period - Shot by Noel Acciari.
2:58 of 3rd period - Deflect By Mikael Granlund.
2:58 of 3rd period - Shot Blocked by Jonas Brodin.
3:00 of 3rd period - Shot by Mikael Granlund.
3:00 of 3rd period - Shot Misses the Net.
3:02 of 3rd period - Shot by Mikael Granlund.
3:02 of 3rd period - Stopped by Igor Shesterkin without a rebound.
3:03 of 3rd period - Mikael Granlund wins face-off versus Cole Sillinger in Kings zone.
3:35 of 3rd period - Shot by Mattias Ekholm.
3:35 of 3rd period - Shot Blocked by Noah Cates.
3:59 of 3rd period - Shot by Joel Edmundson.
3:59 of 3rd period - Stopped by Tristan Jarry without a rebound.
4:00 of 3rd period - Jonathan Huberdeau wins face-off versus Jeff Carter in MapleLeafs zone.
4:17 of 3rd period - Shot by Drake Batherson.
4:17 of 3rd period - Shot Misses the Net.
4:20 of 3rd period - Icing by Rasmus Ristolainen.
4:21 of 3rd period - Jeff Carter wins face-off versus Alexander Wennberg in Kings zone.
4:36 of 3rd period - Shot by Evander Kane.
4:36 of 3rd period - Stopped by Tristan Jarry with a rebound.
5:36 of 3rd period - Shot by Drake Batherson.
5:36 of 3rd period - Stopped by Igor Shesterkin without a rebound.
5:37 of 3rd period - Cole Sillinger wins face-off versus Mikael Granlund in Kings zone.
5:37 of 3rd period - Cole Sillinger is hit by Noel Acciari.
5:49 of 3rd period - Shot by Rasmus Ristolainen.
5:49 of 3rd period - Shot Blocked by Noel Acciari.
5:51 of 3rd period - Shot by Cole Sillinger.
5:51 of 3rd period - Shot Misses the Net.
5:59 of 3rd period - Shot by Ilya Mikheyev.
5:59 of 3rd period - Stopped by Tristan Jarry without a rebound.
6:00 of 3rd period - Jonathan Huberdeau wins face-off versus Jeff Carter in MapleLeafs zone.
6:48 of 3rd period - Off-side.
6:49 of 3rd period - Cole Sillinger wins face-off versus Alexander Wennberg in neutral zone.
6:58 of 3rd period - Shot by Vladimir Tarasenko.
6:58 of 3rd period - Deflect By Ilya Mikheyev.
6:58 of 3rd period - Shot Misses the Net.
9:29 of 3rd period - Icing by John Marino.
9:30 of 3rd period - Jonathan Huberdeau wins face-off versus Cole Sillinger in MapleLeafs zone.
10:12 of 3rd period - Shot by Jonathan Huberdeau.
10:12 of 3rd period - Shot Misses the Net.
10:48 of 3rd period - Shot by Evander Kane.
10:48 of 3rd period - Stopped by Tristan Jarry with a rebound.
10:58 of 3rd period - Shot by Jeff Carter.
10:58 of 3rd period - Shot Blocked by Alexander Romanov.
12:07 of 3rd period - Shot by Brandon Saad.
12:07 of 3rd period - Shot Misses the Net.
12:09 of 3rd period - Shot by Nic Dowd.
12:09 of 3rd period - Stopped by Tristan Jarry without a rebound.
12:10 of 3rd period - Jonathan Huberdeau wins face-off versus Cole Sillinger in MapleLeafs zone.
12:15 of 3rd period - Shot by Drake Batherson.
12:15 of 3rd period - Stopped by Igor Shesterkin with a rebound.
12:17 of 3rd period - Shot by John Marino.
12:17 of 3rd period - Stopped by Igor Shesterkin without a rebound.
12:18 of 3rd period - Derek Ryan wins face-off versus Jonathan Huberdeau in Kings zone.
13:00 of 3rd period - Jonathan Huberdeau is hit by Joel Edmundson and loses puck.
13:24 of 3rd period - Shot by Kirill Marchenko.
13:24 of 3rd period - Shot Misses the Net.
13:30 of 3rd period - Shot by Jeff Carter.
13:30 of 3rd period - Stopped by Tristan Jarry without a rebound.
13:31 of 3rd period - Cole Sillinger wins face-off versus Jonatan Berggren in MapleLeafs zone.
14:30 of 3rd period - Shot by Mikael Granlund.
14:30 of 3rd period - Shot Misses the Net.
15:36 of 3rd period - Filip Chytil is hit by Mattias Ekholm and loses puck.
16:09 of 3rd period - Shot by Brandon Saad.
16:09 of 3rd period - Deflect By Conor Sheary.
16:09 of 3rd period - Goal by Conor Sheary - MapleLeafs : 3 - Kings : 3.
16:10 of 3rd period - Derek Ryan wins face-off versus Alexander Wennberg in neutral zone.
16:15 of 3rd period - Shot by Anthony Duclair.
16:15 of 3rd period - Shot Misses the Net.
16:37 of 3rd period - Icing by Alexander Wennberg.
16:38 of 3rd period - Alexander Wennberg wins face-off versus Nic Dowd in MapleLeafs zone.
16:45 of 3rd period - Shot by Anthony Duclair.
16:45 of 3rd period - Stopped by Igor Shesterkin with a rebound.
16:51 of 3rd period - Shot by Conor Sheary.
16:51 of 3rd period - Shot Misses the Net.
16:53 of 3rd period - Shot by Brandon Saad.
16:53 of 3rd period - Stopped by Tristan Jarry without a rebound.
16:54 of 3rd period - Mikael Granlund wins face-off versus Cole Sillinger in MapleLeafs zone.
17:05 of 3rd period - Shot by Vladimir Tarasenko.
17:05 of 3rd period - Stopped by Tristan Jarry with a rebound.
17:30 of 3rd period - Icing by Joel Edmundson.
17:31 of 3rd period - Ilya Mikheyev wins face-off versus Jonathan Huberdeau in Kings zone.
17:40 of 3rd period - Shot by Cole Sillinger.
17:40 of 3rd period - Shot Misses the Net.
18:11 of 3rd period - Shot by Evander Kane.
18:11 of 3rd period - Deflect By Kirill Marchenko.
18:11 of 3rd period - Stopped by Tristan Jarry without a rebound.
18:12 of 3rd period - Nic Dowd wins face-off versus Alexander Wennberg in MapleLeafs zone.
18:30 of 3rd period - Minor Penalty to Alexander Wennberg for Slashing.
18:31 of 3rd period - Jeff Carter wins face-off versus Jonathan Huberdeau in MapleLeafs zone.
18:35 of 3rd period - Kirill Marchenko is hit by Rasmus Sandin and loses puck.
18:46 of 3rd period - Shot by Kirill Marchenko.
18:46 of 3rd period - Shot Misses the Net.
18:48 of 3rd period - Shot by Jonas Brodin.
18:48 of 3rd period - Stopped by Tristan Jarry without a rebound.
18:49 of 3rd period - Cole Sillinger wins face-off versus Jonathan Huberdeau in MapleLeafs zone.
19:00 of 3rd period - Shot by Vladimir Tarasenko.
19:00 of 3rd period - Shot Blocked by Erik Cernak.
19:32 of 3rd period - Shot by Vladimir Tarasenko.
19:32 of 3rd period - Shot Blocked by Rasmus Sandin.
19:51 of 3rd period - Shot by Jonas Brodin.
19:51 of 3rd period - Stopped by Tristan Jarry without a rebound.
19:52 of 3rd period - Jonathan Huberdeau wins face-off versus Jeff Carter in MapleLeafs zone.
19:52 of 3rd period - Jonathan Huberdeau is hit by Kirill Marchenko.
Goals for this period are 0 for MapleLeafs vs 1 for Kings.
Shots for this period are 6 for MapleLeafs vs 13 for Kings.

Overtime #1


0:01 of 1st overtime period - Kirill Marchenko wins face-off versus Jonathan Huberdeau in neutral zone.
0:38 of 1st overtime period - Shot by Vladimir Tarasenko.
0:38 of 1st overtime period - Stopped by Tristan Jarry without a rebound.
0:39 of 1st overtime period - Jeff Carter wins face-off versus Jon Marchessault in MapleLeafs zone.
0:42 of 1st overtime period - Shot by Jeff Carter.
0:42 of 1st overtime period - Deflect By Kirill Marchenko.
0:42 of 1st overtime period - Stopped by Tristan Jarry with a rebound.
1:27 of 1st overtime period - Icing by John Marino.
1:28 of 1st overtime period - Evander Kane wins face-off versus Anthony Duclair in MapleLeafs zone.
1:52 of 1st overtime period - Shot by Evander Kane.
1:52 of 1st overtime period - Goal by Evander Kane - MapleLeafs : 3 - Kings : 4.
Goals for this period are 0 for MapleLeafs vs 1 for Kings.
Shots for this period are 0 for MapleLeafs vs 3 for Kings.